 Dungeon Crawl Stone Soup version 0.31.0-12-g77e489cdc1 (webtiles) character file.

Game seed: 938820377088117022

208 spaghetti the Cudgeller (level 5, -2/54 HPs)
             Began as an Oni Chaos Knight on Mar 1, 2024.
             Was a Plaything of Xom.
             Slain by an iguana (12 damage)
             ... on level 4 of the Dungeon.
             The game lasted 00:03:10 (1977 turns).

spaghetti the Cudgeller (Oni Chaos Knight)          Turns: 1977, Time: 00:03:11

Health: -2/54      AC:  5    Str: 18    XL:     5   Next: 86%
Magic:  5/5        EV:  9    Int: 13    God:    Xom [.*....]
Gold:   132        SH:  0    Dex:  8    Spells: 4/4 levels left

rFire   . . .        a - +0 mace (chaos)
rCold   . . .        (no shield)
rNeg    . . .        b - +2 robe
rPois   .            (helmet restricted)
rElec   .            (no cloak)
rCorr   .            (gloves unavailable)
SInv    .            (boots unavailable)
Will    .....        (no amulet)
Stlth   +            (no ring)
HPRegen 0.29/turn    (no ring)
MPRegen 0.09/turn

%: no passive effects
@: no status effects
A: large, unfitting armour, horns 1, tough skin 1, double potion healing,
drunken brawling
a: Renounce Religion


You were on level 4 of the Dungeon.
You worshipped Xom.
You were a plaything of Xom.
You visited 1 branch of the dungeon, and saw 4 of its levels.

You collected 132 gold pieces.

Inventory:

Hand Weapons
 a - a +0 mace of chaos (weapon)
Missiles
 i - 3 curare-tipped darts
 q - 5 poisoned darts
Armour
 b - a +2 robe (worn)
Wands
 r - a wand of polymorph (7)
Scrolls
 c - a scroll of butterflies
 d - 3 scrolls of poison {unknown}
 e - 3 scrolls of identify {unknown}
 f - a scroll of immolation {unknown}
 h - a scroll of enchant armour {unknown}
 j - a scroll of fog {unknown}
 k - a scroll of teleportation {unknown}
 l - a scroll of noise {unknown}
 o - a scroll of blinking {unknown}
 p - a scroll of acquirement {unknown}
Potions
 g - a potion of heal wounds
 m - a potion of mutation {unknown}
 n - a potion of degeneration {unknown}


   Skills:
 - Level 4.0 Fighting
 + Level 5.9 Maces & Flails
 + Level 2.0 Throwing
 - Level 2.1 Dodging


You had 4 spell levels left.
You didn't know any spells.
Your spell library was empty.

Dungeon Overview and Level Annotations

Branches:
Dungeon (4/15)
 Temple: D:4-7

Altars:
Kikubaaqudgha
Makhleb

Shops:
D:3 (


Innate Abilities, Weirdness & Mutations

You are too large for most types of armour.
You have a pair of small horns on your head.
You have tough skin. (AC +1)
You gain doubled healing and magic from potions.
Whenever you drink a healing potion, you attack all around you.


Message History

You are too injured to fight recklessly!
You are too injured to fight recklessly!
Unknown command.
The ufetubus hits you but does no damage. x2
The iguana attacks as it pursues you! The iguana barely misses you.
The ufetubus hits you but does no damage. x2
The iguana attacks as it pursues you! The iguana bites you.
The ufetubus hits you.
The ufetubus hits you but does no damage.
The ufetubus attacks as it pursues you!
The ufetubus hits you but does no damage.
The ufetubus closely misses you.
You hit the ufetubus. You burn the ufetubus.
The ufetubus is moderately wounded.
The ufetubus hits you but does no damage.
The ufetubus hits you. The ufetubus slips past you! The ufetubus hits you.
The ufetubus hits you but does no damage.
You swing at nothing.
The ufetubus closely misses you.
The ufetubus hits you but does no damage.
You hit the iguana but do no damage. You headbutt the iguana.
The iguana is moderately wounded.
The ufetubus barely misses you. The ufetubus hits you.
The ufetubus barely misses you. The ufetubus hits you.
The iguana barely misses you.
You hit the ufetubus.
The ufetubus is heavily wounded.
The ufetubus hits you. The ufetubus barely misses you.
The iguana barely misses you. The ufetubus barely misses you. x2
You thump the ufetubus! You freeze the ufetubus.
You kill the ufetubus!
The iguana hisses menacingly.
The iguana bites you!
* * * LOW HITPOINT WARNING * * *
You emit a cloud of colourful smoke!
Your Throwing skill increases to level 2!
Unknown command.
You closely miss the iguana.
The iguana is moderately wounded.
The iguana bites you!
You die...

...##.### #.# #.####..##
.......... #.###.........
......###.####......†......
#.##### #......###..# #.###
#..#.#^#....# ....#
#...........# ....##
##.#.#.#§#..# .....#
#.#.#.#l#..# .....#
#.....#@#..# .....#
###)..#§#..# ####.#
#...#.....
#.#######.....#....
#......###..#.#....
######........######
#####..### #..# #..#


You could see an iguana.

Vanquished Creatures
  A bombardier beetle (D:3)
  Ijyb (D:4)
  6 adders
  An ufetubus (D:4)
  2 adder skeletons (D:2)
  A ribbon worm (D:2)
  5 orcs (D:3)
  8 bats
  8 endoplasms
  5 giant cockroaches
  7 goblins
  7 hobgoblins
  2 jackals (D:2)
  A kobold (D:2)
  3 quokkas
  3 ball pythons
  A ball python skeleton (D:2)
  A ball python zombie (D:2)
  7 frilled lizards
  A quokka skeleton (D:2)
  6 rats
77 creatures vanquished.

Notes
Turn   | Place    | Note
-------+----------+-------------------------------------------
     0 | D:1      | spaghetti the Oni Chaos Knight began the quest for the Orb.
     0 | D:1      | Reached XP level 1. HP: 24/24 MP: 1/1
   171 | D:1      | Reached XP level 2. HP: 32/32 MP: 2/2
   239 | D:1      | XOM: divination: detect creatures
   424 | D:1      | Found a faded altar of an unknown god.
   488 | D:1      | Reached skill level 4 in Maces & Flails
   539 | D:2      | Reached XP level 3. HP: 39/39 MP: 3/3
   603 | D:2      | XOM: divination: detect items
   718 | D:2      | XOM: potion effect (might)
  1004 | D:3      | XOM: noise
  1045 | D:3      | Reached XP level 4. HP: 48/48 MP: 4/4
  1189 | D:3      | Reached skill level 5 in Maces & Flails
  1303 | D:3      | Noticed a +0 demon whip
  1314 | D:3      | Reached XP level 5. HP: 42/54 MP: 5/5
  1324 | D:3      | Found Dunuup's Weapon Emporium.
  1326 | D:3      | Noticed a +0 demon blade
  1660 | D:3      | Reached skill level 1 in Throwing
  1781 | D:4      | Found a burning altar of Makhleb.
  1783 | D:4      | Found an ancient bone altar of Kikubaaqudgha.
  1913 | D:4      | Noticed Ijyb
  1926 | D:4      | Killed Ijyb
  1976 | D:4      | XOM: smoke on damage
  1977 | D:4      | Slain by an iguana

Illustrated notes

Levels and vault maps discovered:
D:1:      erik_arrival_blinker_ship, layout_rooms,
          chequers_ecumenical_altar_grove, chequers_serial_rivers_micro_d
D:2:      layout_rooms, serial_undead, serial_undead_b, serial_undead_d,
          serial_undead_f, serial_undead_d
D:3:      layout_rooms, serial_shops, nicolae_shop_mannequins,
          reono_crystal_passage, nicolae_eternal_life,
          dreamdust_mushroom_princess, chequers_mini_garden,
          hangedman_feature_mirror
D:4:      layout_loops_ring, mainiacjoe_overflow_catwalk_spiral,
          minmay_a_box_with_orc_wizards_in_it, uniq_ijyb

Skill      XL: |  1  2  3  4  5 |
---------------+----------------+-----
Maces & Flails | 4 5 |  5.9
Throwing       | 2 |  2.0
Fighting       | |  4.0
Dodging        | |  2.1

Action                     |  1- 3 |  4- 6 || total
---------------------------+-------+-------++-------
  Melee: Mace              |   118 |    90 ||   208
         Headbutt          |    14 |     8 ||    22
         Punch             |     1 |       ||     1
         Unarmed           |       |     7 ||     7
  Throw: Dart              |       |     2 ||     2
    Use: Potion            |     2 |     1 ||     3
   Stab: Confused          |       |     1 ||     1
 Armour: Robe              |   105 |    90 ||   195
  Dodge: Dodged            |    87 |    69 ||   156
